 Dungeon Crawl Stone Soup version 0.19.5 (webtiles) character file.

23437 HeyBub the Warrior (level 12, -1/122 HPs)
             Began as a Minotaur Fighter on Apr 12, 2017.
             Was the Champion of Okawaru.
             Slain by an 11-headed hydra (8 damage)
             ... on level 13 of the Dungeon.
             The game lasted 00:23:09 (12458 turns).

HeyBub the Warrior (Minotaur Fighter)              Turns: 12458, Time: 00:23:11

Health: -1/122     AC: 13    Str: 26    XL:     12   Next: 71%
Magic:  15/15      EV: 18    Int:  5    God:    Okawaru [******]
Gold:   274        SH: 12    Dex: 17    Spells: 0 memorised, 11 levels left

rFire  + . .     SeeInvis .     E - +6 war axe
rCold  . . .     Gourm    .     G - +0 mottled dragon scales
rNeg   + . .     Faith    .     c - +0 shield
rPois  .         Spirit   .     (helmet restricted)
rElec  +         Reflect  .     (no cloak)
rCorr  .         Harm     .     D - +1 pair of gloves {Dex+3}
MR     .....                    t - +0 pair of boots
Stlth  +.........               (no amulet)
                                C - ring of positive energy
                                b - +1 ring of evasion

@: no status effects
A: retaliatory headbutt, claws 1, horns 2, agile 2, fire resistance 1, shaggy
fur 1, electricity resistance
a: Heroism, Finesse, Renounce Religion


You were on level 13 of the Dungeon.
You worshipped Okawaru.
Okawaru was exalted by your worship.
You were hungry.

You visited 2 branches of the dungeon, and saw 14 of its levels.

You collected 839 gold pieces.
You spent 565 gold pieces at shops.

Inventory:

Hand Weapons
 a - a +2 hand axe of electrocution
 E - a +6 war axe (weapon)
Armour
 c - a +0 shield (worn)
 t - a +0 pair of boots (worn)
 u - the +0 ring mail of the Twelve Stars {MR+}
   (You bought it in a shop on level 12 of the Dungeon)

   It affects your resistance to hostile enchantments.
 w - a +1 plate armour
 D - a +1 pair of gloves of dexterity (worn)
 G - +0 mottled dragon scales (worn)
Jewellery
 b - a +1 ring of evasion (left hand)
 j - an uncursed ring of ice
 v - an uncursed ring of fire
 C - a ring of positive energy (right hand)
Wands
 q - a wand of paralysis (8/24)
 F - a wand of flame (31/48)
 K - a wand of teleportation (2/9)
Scrolls
 f - a scroll of identify
 h - 7 scrolls of teleportation
 i - 3 scrolls of fog
 k - 5 scrolls of amnesia
 p - 2 scrolls of vulnerability {unknown}
 y - a scroll of recharging
 z - 4 scrolls of magic mapping
 A - 4 scrolls of remove curse
 L - a scroll of blinking {unknown}
Potions
 d - 2 potions of magic {unknown}
 e - 5 potions of agility
 l - 4 potions of brilliance
 m - 2 potions of lignification
 n - 2 potions of curing
 o - a potion of cure mutation {unknown}
 s - a potion of haste {unknown}
 B - a potion of resistance {unknown}
Miscellaneous
 H - a phial of floods
Comestibles
 g - 6 fruits
 r - 2 meat rations
 x - a beef jerky
 I - a bread ration
 J - a slice of pizza


   Skills:
 - Level 16.0 Fighting
 - Level 10.3 Axes
 - Level 9.0 Armour
 - Level 9.5 Dodging
 - Level 8.8 Shields
 + Level 6.1 Invocations


You had 11 spell levels left.
You didn't know any spells.

Dungeon Overview and Level Annotations

Branches:
Dungeon (13/15)            Temple (1/1) D:4            Lair (0/6) D:10
    Orc (0/2) D:10
 Vaults: D:13-14

Altars:
Ashenzari
Cheibriados
Dithmenos
Fedhas
Hepliaklqana
Kikubaaqudgha
Makhleb
Okawaru
Qazlal
Sif Muna
Trog
Uskayaw
Vehumet
The Shining One
Beogh

Shops:
D:6 [   D:8 (?::=   D:10 (   D:12 [


Innate Abilities, Weirdness & Mutations

You reflexively headbutt those who attack you in melee.
You have a pair of horns on your head.
You have sharp fingernails.
You are very agile. (Dex +4)
Your flesh is heat resistant. (rF+)
You are covered in fur. (AC +1)
You are resistant to electric shocks. (rElec)


Message History

The 11-headed hydra is almost dead.
The 11-headed hydra closely misses you. The 11-headed hydra bites you! x2
The 11-headed hydra bites you.
* * * LOW HITPOINT WARNING * * *
The 11-headed hydra misses you.
The 11-headed hydra bites you but does no damage.
You block the 11-headed hydra's attack. The 11-headed hydra misses you.
The 11-headed hydra bites you!
* * * LOW HITPOINT WARNING * * *
The 11-headed hydra bites you but does no damage.
The 11-headed hydra bites you!
* * * LOW HITPOINT WARNING * * *
You feel better.
The 11-headed hydra completely misses you.
The 11-headed hydra misses you. The 11-headed hydra barely misses you.
The 11-headed hydra bites you but does no damage. x2
The 11-headed hydra bites you!
* * * LOW HITPOINT WARNING * * *
The 11-headed hydra bites you!
You die...

#.# #.# ..## #.#
#...# ...## #.# #...#
....# #.# #...# ....+
#.### #...# ....#
#...#######...###...#
##...)..........D..#
#..............@.#
#.#..............#
#.#######....#.#..#
#.# #....#.....# #.#
#....#...?.... #.#
#....#.#######
##.#######....#.#
.....#..........#
##.#.#.##......##


You could see a 11-headed hydra.

Vanquished Creatures
  The ghost of Rufus the Fighter, a journeyman NaSk of Okawaru (D:12)
  The ghost of zephy the Impaler, a journeyman MfGl of Hepliaklqana (D:12)
  The ghost of rozman the Spear-Bearer, a journeyman DsBe of Trog (D:12)
  A hydra (D:11)
  The ghost of antares the Spear-Bearer, a novice MfGl of Elyvilon (D:9)
  2 unseen horrors
  4 hill giants
  2 cyclopes
  2 ugly things (D:11)
  A gargoyle (D:11)
  2 centaur skeletons (D:13)
  A komodo dragon (D:12)
  4 trolls
  2 two-headed ogres
  3 slime creatures (D:9)
  3 hippogriffs
  A spriggan (D:7)
  2 wraiths (D:13)
  Eustachio (D:4)
  Sigmund (D:5)
  10 yaks
  3 vampire mosquitoes (D:13)
  Menkaure (D:4)
  A hungry ghost (D:11)
  A steam dragon (D:8)
  A mottled dragon (D:12)
  A soldier ant (D:13)
  Duvessa (D:4)
  A hornet zombie (D:7)
  3 ice beasts
  16 orc warriors
  2 black bears
  A necrophage (D:8)
  A phantom (D:9)
  A sky beast (D:11)
  6 ogres
  9 centaurs
  A crocodile (D:11)
  2 big kobolds
  9 bullfrogs
  Dowan (D:4)
  A wyvern zombie (D:10)
  3 scorpions
  18 killer bees
  10 wights
  8 howler monkeys
  An electric eel (D:7)
  11 crimson imps
  A bullfrog zombie (D:13)
  2 centaur zombies
  A quasit (D:9)
  10 orc priests
  5 jellies
  11 orc wizards
  8 hounds
  Ijyb (D:3)
  Jessica (D:2)
  A bullfrog skeleton (D:6)
  4 iguanas
  9 worker ants
  A hound zombie (D:7)
  2 hound skeletons
  3 gnolls (D:7)
  7 adders
  4 shadow imps
  An ooze (D:4)
  2 adder zombies
  3 adder skeletons
  2 worms (D:3)
  A dart slug (D:2)
  4 leopard geckos
  60 orcs
  4 ball pythons
  4 bats
  5 giant cockroaches
  6 goblins
  5 hobgoblins
  23 jackals
  6 quokkas
  3 frilled lizards
  A jackal skeleton (D:8)
  7 kobolds
  A leopard gecko zombie (D:7)
  A quokka zombie (D:7)
  5 rats
375 creatures vanquished.

Vanquished Creatures (others)
  A worker ant (D:7)
  A quokka skeleton (D:7)
2 creatures vanquished.

Grand Total: 377 creatures vanquished

Notes
Turn   | Place    | Note
-------+----------+-------------------------------------------
     0 | D:1      | HeyBub the Minotaur Fighter began the quest for the Orb.
     0 | D:1      | Reached XP level 1. HP: 19/19 MP: 0/0
   155 | D:1      | Reached skill level 4 in Fighting
   156 | D:1      | Reached XP level 2. HP: 25/27 MP: 1/1
   875 | D:2      | Reached XP level 3. HP: 30/33 MP: 2/2
  1076 | D:2      | Noticed Jessica
  1079 | D:2      | Killed Jessica
  1219 | D:2      | Found a deep blue altar of Sif Muna.
  1271 | D:3      | Reached XP level 4. HP: 33/40 MP: 3/3
  1353 | D:3      | Found a faded altar of an unknown god.
  1379 | D:3      | Reached skill level 5 in Axes
  1466 | D:3      | Noticed Ijyb
  1471 | D:3      | Reached XP level 5. HP: 45/46 MP: 4/4
  1482 | D:3      | Killed Ijyb
  1796 | D:3      | Noticed a black bear
  1803 | D:3      | Killed a black bear
  1803 | D:3      | Reached XP level 6. HP: 47/52 MP: 5/5
  2213 | D:4      | Noticed Eustachio
  2256 | D:4      | Killed Eustachio
  2301 | D:4      | Noticed Menkaure
  2311 | D:4      | Killed Menkaure
  2311 | D:4      | Reached XP level 7. HP: 4/59 MP: 6/6
  2786 | D:4      | Noticed Dowan
  2787 | D:4      | Noticed Duvessa
  2796 | D:4      | Killed Duvessa
  2796 | D:4      | Reached skill level 10 in Axes
  2801 | D:4      | Killed Dowan
  2825 | D:4      | Noticed a hippogriff
  2833 | D:4      | Killed a hippogriff
  2833 | D:4      | Reached XP level 8. HP: 37/66 MP: 7/7
  2993 | D:4      | Gained mutation: You evolve. [potion of mutation]
  2993 | D:4      | Gained mutation: You are covered in fur. (AC +1) [potion of mutation]
  2993 | D:4      | Lost mutation: You evolve. [potion of mutation]
  3055 | D:4      | Found a staircase to the Ecumenical Temple.
  3113 | Temple   | Entered the Ecumenical Temple
  3129 | Temple   | Became a worshipper of Warmaster Okawaru
  3223 | D:5      | Entered Level 5 of the Dungeon
  3252 | D:5      | Reached skill level 5 in Armour
  3377 | D:5      | Reached skill level 1 in Dodging
  3377 | D:5      | Reached skill level 5 in Shields
  3631 | D:5      | Noticed Sigmund
  3646 | D:5      | Killed Sigmund
  4134 | D:6      | Found Dexotiq's Antique Armour Boutique.
  4186 | D:6      | Noticed a hippogriff
  4193 | D:6      | Killed a hippogriff
  4193 | D:6      | Reached * piety under Okawaru
  4769 | D:7      | Reached XP level 9. HP: 33/71 MP: 8/8
  5150 | D:7      | Found a stormy altar of Qazlal.
  5150 | D:7      | Found a blossoming altar of Fedhas.
  5164 | D:7      | Found a shadowy altar of Dithmenos.
  5165 | D:7      | Found a hazy altar of Hepliaklqana.
  5167 | D:7      | Found a radiant altar of Vehumet.
  5674 | D:7      | Reached ** piety under Okawaru
  5798 | D:7      | Reached skill level 5 in Dodging
  6076 | D:7      | Found a burning altar of Makhleb.
  6270 | D:8      | Found Maaqufum's Book Emporium.
  6472 | D:8      | Found a hide-covered altar of Uskayaw.
  6511 | D:8      | Found Buriem's Weapon Shoppe.
  6636 | D:8      | Reached *** piety under Okawaru
  6664 | D:8      | Reached XP level 10. HP: 40/78 MP: 9/9
  6832 | D:8      | Found Iriyler's Book Emporium.
  6873 | D:8      | Found Ysinavy's Jewellery Emporium.
  7306 | D:8      | Found Zerhoix's Magic Scroll Shoppe.
  7620 | D:9      | Noticed a cyclops
  7638 | D:9      | Killed a cyclops
  7734 | D:9      | Noticed antares's ghost (novice MfGl)
  7768 | D:9      | Killed antares's ghost
  7768 | D:9      | Reached **** piety under Okawaru
  7768 | D:9      | Reached skill level 6 in Fighting
  8124 | D:9      | Reached skill level 7 in Fighting
  8191 | D:9      | Reached skill level 8 in Fighting
  8526 | D:9      | Reached ***** piety under Okawaru
  8662 | D:10     | Entered Level 10 of the Dungeon
  8673 | D:10     | Reached skill level 9 in Fighting
  8673 | D:10     | Reached XP level 11. HP: 90/97 MP: 10/10
  8687 | D:10     | Gained mutation: You are resistant to electric shocks. (rElec) [potion of mutation]
  8687 | D:10     | Gained mutation: Your flesh is heat resistant. (rF+) [potion of mutation]
  8687 | D:10     | Gained mutation: You are agile. (Dex +2) [potion of mutation]
  8773 | D:10     | Reached skill level 10 in Fighting
  8829 | D:10     | Killed an unseen horror
  9146 | D:10     | Found a hide-covered altar of Uskayaw.
  9211 | D:10     | Found a staircase to the Lair.
  9223 | D:10     | Noticed a hill giant
  9237 | D:10     | Killed a hill giant
  9237 | D:10     | Received a gift from Okawaru
  9237 | D:10     | Reached skill level 11 in Fighting
  9412 | D:10     | Found a staircase to the Orcish Mines.
  9469 | D:10     | Found Cebaud's Antique Weapon Shop.
  9489 | D:11     | Noticed a hill giant
  9497 | D:11     | Killed a hill giant
  9543 | D:11     | Reached skill level 12 in Fighting
  9581 | D:11     | Gained mutation: You are very agile. (Dex +4) [mutagenic meat]
  9583 | D:11     | Gained mutation: You have sharp fingernails. [mutagenic meat]
  9623 | D:11     | Noticed a brown ugly thing
  9631 | D:11     | Killed a brown ugly thing
  9661 | D:11     | Found a flagged portal.
  9806 | D:11     | Noticed an eight-headed hydra
  9820 | D:11     | Killed a 15-headed hydra
  9820 | D:11     | Reached skill level 13 in Fighting
 10024 | D:11     | Noticed a green ugly thing
 10038 | D:11     | Killed a green ugly thing
 10195 | D:11     | Reached skill level 14 in Fighting
 10249 | D:11     | Found a roughly hewn altar of Beogh.
 10277 | D:11     | Reached XP level 12. HP: 47/118 MP: 11/11
 10923 | D:12     | Reached skill level 15 in Fighting
 11071 | D:12     | Found Ynadela's Antique Armour Shoppe.
 11084 | D:12     | Reached ****** piety under Okawaru
 11088 | D:12     | Bought a pair of runed boots for 304 gold pieces
 11088 | D:12     | Bought a faintly glowing ring mail for 261 gold pieces
 11089 | D:12     | Identified the cursed +0 ring mail of the Twelve Stars {MR+} (You bought it in a shop on level 12 of the Dungeon)
 11145 | D:12     | Noticed Rufus's ghost (journeyman NaSk)
 11171 | D:12     | Killed Rufus's ghost
 11529 | D:12     | Noticed zephy's ghost (journeyman MfGl)
 11549 | D:12     | Killed zephy's ghost
 11549 | D:12     | Reached skill level 16 in Fighting
 11810 | D:12     | Noticed rozman's ghost (journeyman DsBe)
 11821 | D:12     | Killed rozman's ghost
 12173 | D:13     | Received a gift from Okawaru
 12342 | D:13     | Reached skill level 5 in Invocations
 12449 | D:13     | Noticed an eight-headed hydra
 12458 | D:13     | Slain by an 11-headed hydra

Skill      XL: |  1  2  3  4  5  6  7  8  9 10 11 12 |
---------------+-------------------------------------+-----
Fighting       | 4 9 14 16 | 16.0
Axes           | 3 4 5 7 9 10 | 10.3
Armour         | 4 7 9 |  9.0
Shields        | 4 6 8 |  8.8
Dodging        | 4 6 9 |  9.5
Invocations    | 6 |  6.1

Action                   |  1- 3 |  4- 6 |  7- 9 | 10-12 || total
-------------------------+-------+-------+-------+-------++-------
Melee: War axe           |    79 |   116 |   389 |   585 ||  1169
       Headbutt          |    10 |    13 |    64 |   152 ||   239
Invok: Heroism           |       |       |       |     7 ||     7
  Use: Scroll            |       |       |    14 |    15 ||    29
       Potion            |       |       |     6 |     8 ||    14
 Stab: Invisible         |       |       |       |     1 ||     1
  Eat: Bread ration      |       |     1 |     1 |     4 ||     6
       Royal jelly       |       |       |     2 |       ||     2
       Meat ration       |       |       |     1 |     1 ||     2
       Chunk             |       |       |       |     3 ||     3
Armor: Scale mail        |    36 |     3 |       |       ||    39
       Plate armour      |       |    87 |   171 |   248 ||   506
       Mottled dragon sc |       |       |       |    20 ||    20
Dodge: Dodged            |    27 |    20 |    72 |   319 ||   438
Block: Shield            |    28 |    55 |   208 |   390 ||   681
